 Dungeon Crawl Stone Soup version 0.21.1-1-g345015f (webtiles) character file.

471 Kagorn the Skirmisher (level 7, -5/108 HPs)
             Began as an Ogre Berserker on June 10, 2018.
             Was a Priest of Trog.
             Slain by a gnoll
             ... wielding a +3 antimagic spear
              (9 damage)
             ... on level 4 of the Dungeon.
             The game lasted 00:22:16 (3884 turns).

Kagorn the Skirmisher (Ogre Berserker)              Turns: 3884, Time: 00:22:17

Health: -5/108     AC:  5    Str: 27    XL:     7   Next: 9%
Magic:  0/7        EV: 11    Int:  8    God:    Trog [***...]
Gold:   148        SH:  2    Dex: 13    Spells: 6/6 levels left

rFire    . . .     SeeInvis .   j - +0 giant spiked club
rCold    . . .     Gourm    .   (shield currently unavailable)
rNeg     . . .     Faith    .   b - +0 animal skin
rPois    .         Spirit   .   (helmet restricted)
rElec    .         Reflect  +   l - +1 cloak
rCorr    .         Harm     .   (gloves unavailable)
MR       ++...                  (boots unavailable)
Stlth    ..........             f - +2 amulet of reflection
HPRegen  1.28/turn              g - +3 ring of dexterity
MPRegen  0.10/turn              (no ring)

@: berserking (expiring), regenerating, very quick
A: large, unfitting armour, tough skin 1
a: Berserk, Trog's Hand, Burn Spellbooks, Renounce Religion


You were on level 4 of the Dungeon.
You worshipped Trog.
Trog was most pleased with you.
You were very hungry.

You visited 1 branch of the dungeon, and saw 4 of its levels.

You collected 148 gold pieces.

Inventory:

Hand Weapons
 j - a +0 giant spiked club (weapon)
 k - a +2 quarterstaff of chaos
 p - a +2 mace of draining
Armour
 b - a +0 animal skin (worn)
 l - a +1 cloak (worn)
 o - a +0 shield
Jewellery
 f - a +2 amulet of reflection (around neck)
 g - a +3 ring of dexterity (left hand)
Wands
 m - a wand of iceblast (10)
Scrolls
 d - a scroll of identify
 e - 3 scrolls of remove curse
 i - a scroll of fear
Potions
 a - a potion of magic {unknown}
 c - a potion of might
 h - 3 potions of flight
Comestibles
 n - 4 rations


   Skills:
 + Level 5.4 Fighting
 * Level 3.5(4.0) Maces & Flails
 * Level 2.9(3.9) Staves
 + Level 2.0 Armour
 + Level 3.7 Dodging
 * Level 2.4 Stealth


You had 6 spell levels left.
You didn't know any spells.

Dungeon Overview and Level Annotations

Branches:
Dungeon (4/15)
 Temple: D:4-7

Altars:
Fedhas
Yredelemnul


Innate Abilities, Weirdness & Mutations

You are too large for most types of armour.
You have tough skin. (AC +1)


Message History

You bludgeon the gnoll!!
You kill the gnoll!
Trog accepts your kill.
You feel the effects of Trog's Hand fading.
The hound barely misses you.
The frilled lizard bites you but does no damage.
The gnoll hits you from afar with an antimagic spear!
* * * LOW HITPOINT WARNING * * *
You feel your power leaking away. The hound bites you but does no damage.
You barely miss the hound. The hound closely misses you.
The frilled lizard bites you.
* * * LOW HITPOINT WARNING * * *
The gnoll hits you but does no damage.
You barely miss the hound. The hound bites you.
* * * LOW HITPOINT WARNING * * *
The frilled lizard bites you.
* * * LOW HITPOINT WARNING * * *
The gnoll hits you from afar with an antimagic spear!
You die...

#.## #.#
##.##.# #.#
#.####...#.##
#
#....)......#
######...#..#
#...#..#
#....(.#
#...#..#
#####†)# #l@#
...<.gh)#
##......#
#.#.#..#
........#
##.#.#.##
#.....# # #
##


You could see a hound, a gnoll and a frilled lizard.

Vanquished Creatures
  An ogre (D:4)
  A hound (D:4)
  Crazy Yiuf (D:2)
  A gnoll shaman (D:4)
  2 iguanas
  2 hound skeletons (D:4)
  6 gnolls (D:4)
  5 adders
  2 oozes
  4 worms
  2 dart slugs
  5 leopard geckos
  7 orcs
  2 ball pythons
  2 giant cockroaches (D:2)
  8 goblins
  9 hobgoblins
  6 jackals
  3 bats
  8 frilled lizards
  5 kobolds
  8 rats
  3 plants
93 creatures vanquished.

Notes
Turn   | Place    | Note
-------+----------+-------------------------------------------
     0 | D:1      | Kagorn the Ogre Berserker began the quest for the Orb.
     0 | D:1      | Reached XP level 1. HP: 24/24 MP: 1/1
   115 | D:1      | Reached XP level 2. HP: 24/32 MP: 2/2
   213 | D:1      | HP: 1/32 [ooze (2)]
   620 | D:1      | Reached XP level 3. HP: 38/39 MP: 3/3
  1064 | D:1      | Reached ** piety under Trog
  1559 | D:2      | Found a blossoming altar of Fedhas.
  1885 | D:2      | Found a runed door.
  1889 | D:2      | Noticed Crazy Yiuf
  1895 | D:2      | Killed Crazy Yiuf
  1895 | D:2      | Reached skill level 1 in Armour
  1895 | D:2      | Reached skill level 1 in Stealth
  1895 | D:2      | Reached XP level 4. HP: 45/49 MP: 0/4
  2746 | D:3      | Reached skill level 1 in Staves
  2797 | D:3      | Reached XP level 5. HP: 16/55 MP: 5/5
  3057 | D:3      | Found a basalt altar of Yredelemnul.
  3219 | D:3      | Reached skill level 5 in Fighting
  3541 | D:4      | Reached XP level 6. HP: 49/66 MP: 6/6
  3662 | D:4      | Reached *** piety under Trog
  3874 | D:4      | Reached XP level 7. HP: 61/72 MP: 3/7
  3884 | D:4      | HP: 4/108 [frilled lizard (3)]
  3884 | D:4      | Slain by a gnoll

Skill      XL: |  1  2  3  4  5  6 |
---------------+-------------------+-----
Dodging        | 3 |  3.7
Maces & Flails | 3 |  3.5
Armour         | 1 2 |  2.0
Stealth        | 1 2 |  2.4
Staves         | 1 2 |  2.9
Fighting       | 5 |  5.4

Action                   |  1- 3 |  4- 6 |  7- 9 || total
-------------------------+-------+-------+-------++-------
Melee: Mace              |   218 |       |       ||   218
       Quarterstaff      |       |   104 |       ||   104
       Giant spiked club |       |    32 |     9 ||    41
Invok: Trog's Hand       |     1 |     3 |       ||     4
       Berserk           |     1 |     2 |       ||     3
  Use: Scroll            |       |    10 |       ||    10
       Potion            |       |     1 |       ||     1
 Stab: Paralysed         |       |     1 |       ||     1
  Eat: Ration            |     1 |     2 |       ||     3
       Chunk             |       |     3 |       ||     3
Armor: Animal skin       |    17 |    53 |     7 ||    77
Dodge: Dodged            |    53 |    97 |    12 ||   162
Block: Other             |       |     8 |     2 ||    10
